 Dungeon Crawl Stone Soup version 0.31.0-11-ge490571c62 (webtiles) character file.

Game seed: 13888410735422395869

654 qw the Shooter (level 7, -4/35 HPs)
             Began as a Spriggan Hunter on Feb 3, 2024.
             Slain by a black bear (6 damage)
             ... on level 5 of the Dungeon.
             The game lasted 00:00:16 (2907 turns).

qw the Shooter (Spriggan Hunter)                    Turns: 2907, Time: 00:00:17

Health: -4/35      AC:  4    Str:  7    XL:     7   Next: 29%
Magic:  8/8        EV: 22    Int: 10    God:
Gold:   175        SH:  0    Dex: 21    Spells: 6/6 levels left

rFire   . . .        a - +1 shortbow (freeze)
rCold   . . .        (shield currently unavailable)
rNeg    + + +        l - +2 robe {rN+}
rPois   .            (helmet restricted)
rElec   .            (no cloak)
rCorr   .            (gloves unavailable)
SInv    +            (boots unavailable)
Will    +....        f - amulet of faith
Stlth   ++           d - ring of positive energy
HPRegen 0.25/turn    i - ring of positive energy
MPRegen 0.11/turn

%: faith
@: very quick
A: very small, no large weapons, unfitting armour, see invisible, speed 3
a: no special abilities


You were on level 5 of the Dungeon.
You visited 1 branch of the dungeon, and saw 5 of its levels.

You collected 175 gold pieces.


Innate Abilities, Weirdness & Mutations

You are very small and have problems with some larger weapons.
You are too small for most types of armour.
You have supernaturally acute eyesight. (SInv)
You cover ground extremely quickly. (Speed+++)


   Skills:
 - Level 2.0 Fighting
 + Level 7.2 Ranged Weapons
 - Level 7.0 Dodging
 - Level 1.5 Stealth


You had 6 spell levels left.
You didn't know any spells.
Your spell library was empty.

Inventory:

Hand Weapons
 a - a +1 shortbow of freezing (weapon)
Armour
 l - a +2 robe of positive energy (worn)
Jewellery
 b - a ring of ice
 d - a ring of positive energy (left hand)
 f - an amulet of faith (around neck)
 i - a ring of positive energy (right hand)
 j - an amulet of regeneration
Potions
 c - a potion of haste {unknown}
 e - a potion of enlightenment
 h - a potion of brilliance {unknown}
 k - a potion of degeneration {unknown}

Dungeon Overview and Level Annotations

Branches:
Dungeon (5/15)
 Temple: D:4-7

Altars:
Ashenzari


Message History

You shoot an arrow. The arrow hits the jelly!
The arrow freezes the jelly.
You kill the jelly!
The sentinel's mark upon you fades away.
The gnoll sergeant hits you but does no damage.
The gnoll misses you.
You shoot an arrow. The arrow barely misses the gnoll.
The quokka closely misses you.
The quokka twitches its whiskers.
The gnoll sergeant hits you from afar with a +0 spear.
The gnoll completely misses you.
2902 ||| RETREEEEATING.
The quokka bites you but does no damage.
2903 ||| RETREEEEATING.
You shoot an arrow. The arrow closely misses the quokka.
You hear an angry growl.
The quokka completely misses you. The quokka misses you.
The gnoll sergeant hits you from afar with a +0 spear.
The gnoll barely misses you. The quokka closely misses you.
2904 ||| RETREEEEATING.
You shoot an arrow. The arrow hits the quokka.
The arrow freezes the quokka.
The quokka is severely wounded.
The quokka misses you. The gnoll sergeant closely misses you.
A black bear comes into view.
The quokka completely misses you. The gnoll barely misses you.
The quokka barely misses you.
You shoot an arrow. The arrow barely misses the quokka.
The gnoll sergeant completely misses you.
The quokka closely misses you. The gnoll closely misses you.
The quokka bites you.
You shoot an arrow. The arrow hits the quokka!
The arrow freezes the quokka.
You kill the quokka!
The quokka completely misses you.
The gnoll sergeant completely misses you.
The gnoll closely misses you.
2907 ||| RETREEEEATING.
You shoot an arrow. The arrow barely misses the black bear.
An adder comes into view.
The quokka completely misses you.
The gnoll sergeant completely misses you.
The black bear bites you.
You die...

#. #.#.######## #####
#. #...........
......#.###...########
#### #........J..###
.... #.######.####
#..# #.# #Y.# #..# #.#
#%## #..# #.#####S#
#..#####.##g@h.#
#..##...gggr#### #
#.....##.####
#.#.######.#
#.#........# # ###
#...######## #.#..
...>#.# ### ###....
#####.# ..# .......
#.# #.#
##################


You could see a black bear, a gnoll sergeant, 3 gnolls, an adder and a quokka.

Vanquished Creatures
  A black bear (D:5)
  An ice beast (D:5)
  A scorpion (D:5)
  An orc priest (D:4)
  A jelly (D:5)
  An iguana (D:4)
  Natasha (thrice) (D:3)
  3 orc wizards
  9 adders
  A white imp (D:5)
  2 ribbon worms
  3 dart slugs
  6 orcs (D:3)
  4 bats
  5 endoplasms
  3 giant cockroaches
  8 goblins
  10 hobgoblins
  4 jackals (D:1)
  9 quokkas
  7 ball pythons
  A frilled lizard (D:1)
  2 kobolds
  8 rats
94 creatures vanquished.

Notes
Turn   | Place    | Note
-------+----------+-------------------------------------------
     0 | D:1      | qw the Spriggan Hunter began the quest for the Orb.
     0 | D:1      | Reached XP level 1. HP: 10/10 MP: 2/2
     0 | D:1      | 0 ||| qw: Version: 0.3-a-157-g843a77d
     0 | D:1      | 0 ||| qw: Game counter: 4006
     0 | D:1      | 0 ||| qw: Melee chars always use a shield: true
     0 | D:1      | 0 ||| qw: God list: Okawaru
     0 | D:1      | 0 ||| qw: Allow faded altars: false
     0 | D:1      | 0 ||| qw: Do Orc after clearing Dungeon:15 true
     0 | D:1      | 0 ||| qw: Do second Lair branch before Depths: true
     0 | D:1      | 0 ||| qw: Lair rune preference: random
     0 | D:1      | 0 ||| qw: Goals: Normal
     0 | D:1      | 0 ||| PLANNING D:1-11
     9 | D:1      | Reached skill level 3 in Dodging
    66 | D:1      | Reached XP level 2. HP: 14/14 MP: 3/3
   149 | D:1      | Reached XP level 3. HP: 18/18 MP: 4/4
   367 | D:1      | 367 ||| UPGRADING to amulet of faith.
   372 | D:1      | 372 ||| UPGRADING to ring of positive energy.
   373 | D:1      | 373 ||| READING scroll labelled SOPPO RYEP.
   373 | D:1      | 373 ||| ENCHANTING +0 shortbow.
   374 | D:1      | 374 ||| DROPPING scroll of butterflies.
   602 | D:2      | Found a faded altar of an unknown god.
   753 | D:2      | Reached XP level 4. HP: 22/22 MP: 5/5
   824 | D:2      | Found a broken altar of Ashenzari.
  1064 | D:2      | 1064 ||| UPGRADING to ring of positive energy.
  1065 | D:2      | 1065 ||| READING scroll labelled TUTU XOCAEWELI.
  1065 | D:2      | 1065 ||| BRANDING +1 shortbow.
  1066 | D:2      | 1066 ||| READING 2 scrolls labelled WEYRPHIBLIF.
  1067 | D:2      | 1067 ||| READING scroll labelled ZUNAFFE XYKEUTSA.
  1068 | D:2      | 1068 ||| DROPPING scroll of fear.
  1427 | D:3      | Identified the +9 trident of Xequrid {flame, rC+ Will+
                  | Int+2}
  1516 | D:3      | Noticed Natasha
  1525 | D:3      | Killed Natasha
  1526 | D:3      | Reached XP level 5. HP: 10/26 MP: 6/6
  1532 | D:3      | Noticed Natasha
  1540 | D:3      | Killed Natasha
  1700 | D:3      | Noticed Natasha
  1705 | D:3      | 1705 ||| RETREEEEATING.
  1706 | D:3      | 1706 ||| RETREEEEATING.
  1707 | D:3      | 1707 ||| RETREEEEATING.
  1708 | D:3      | Killed Natasha
  1709 | D:3      | Reached skill level 6 in Ranged Weapons
  1848 | D:3      | 1848 ||| UPGRADING to +2 robe of positive energy.
  1858 | D:3      | 1858 ||| DROPPING +0 robe.
  1859 | D:3      | 1859 ||| READING scroll labelled WAPLARR MYSIN.
  1859 | D:3      | 1859 ||| ENCHANTING +1 shortbow of freezing.
  1860 | D:3      | 1860 ||| READING scroll labelled EZUMACS YCINU.
  1931 | D:4      | Reached XP level 6. HP: 30/30 MP: 7/7
  1939 | D:4      | Reached skill level 6 in Dodging
  2706 | D:4      | 2706 ||| READING scroll labelled AGETO KIEKAX.
  2706 | D:4      | 2706 ||| IDENTIFYING sapphire potion
  2707 | D:4      | 2707 ||| DRINKING 2 metallic inky potions.
  2708 | D:4      | 2708 ||| DROPPING potion of ambrosia.
  2715 | D:5      | Entered Level 5 of the Dungeon
  2864 | D:5      | 2864 ||| FLEEEEING.
  2865 | D:5      | 2865 ||| FLEEEEING.
  2866 | D:5      | 2866 ||| FLEEEEING.
  2870 | D:5      | 2870 ||| FLEEEEING.
  2871 | D:5      | 2871 ||| FLEEEEING.
  2872 | D:5      | 2872 ||| FLEEEEING.
  2873 | D:5      | 2873 ||| FLEEEEING.
  2874 | D:5      | 2874 ||| FLEEEEING.
  2876 | D:5      | 2876 ||| FLEEEEING.
  2883 | D:5      | Reached XP level 7. HP: 35/35 MP: 8/8
  2886 | D:5      | 2886 ||| FLEEEEING.
  2888 | D:5      | 2888 ||| RETREEEEATING.
  2891 | D:5      | 2891 ||| RETREEEEATING.
  2901 | D:5      | HP: 6/35 [gnoll sergeant/+0 spear (4)]
  2902 | D:5      | 2902 ||| RETREEEEATING.
  2903 | D:5      | 2903 ||| RETREEEEATING.
  2904 | D:5      | 2904 ||| RETREEEEATING.
  2905 | D:5      | HP: 1/35 [quokka (2)]
  2907 | D:5      | 2907 ||| RETREEEEATING.
  2907 | D:5      | Slain by a black bear

Levels and vault maps discovered:
D:1:      dpeg_arrival_orchard, layout_rooms, feat_on_display
D:2:      minmay_alternating_diamond, layout_loops_ring, basic_altar,
          chequers_ecumenical_altar_simple_redux, chequers_serial_rivers_micro_d
D:3:      layout_basic, serial_bayou_lagoon_a, uniq_natasha
D:4:      layout_basic, serial_glass, glass_columns_a, glass_columns_a,
          minmay_misc_feat_pillars
D:5:      layout_basic, nicolae_sif_muna_little_library,
          gammafunk_temple_overflow_statue, mainiacjoe_overflow_swirl

Skill      XL: |  1  2  3  4  5  6  7 |
---------------+----------------------+-----
Dodging        | 3 4 5 6 7 |  7.0
Ranged Weapons | 5 6 7 |  7.2
Fighting       | 2 |  2.0
Stealth        | |  1.5

Action                     |  1- 3 |  4- 6 |  7- 9 || total
---------------------------+-------+-------+-------++-------
   Fire: Shortbow          |    83 |   175 |    19 ||   277
    Use: Scroll            |     1 |     6 |       ||     7
         Potion            |       |     1 |       ||     1
 Armour: Robe              |     9 |    22 |    11 ||    42
  Dodge: Dodged            |    20 |    56 |    36 ||   112

Table legend:
 A = Non-vault XP
 B = Vault XP
 C = Vault XP percentage of total XP
 D = Non-vault monster count
 E = Vault monster count
 F = Vault count percentage of total count
                 A         B        C        D         E       F
            +---------+---------+-------+---------+---------+-------
      Total |     871 |      64 |   6.8 |      89 |       5 |   5.3
            +---------+---------+-------+---------+---------+-------
        D:1 |      56 |       0 |   0.0 |      32 |       0 |   0.0
        D:2 |      27 |      29 |  51.8 |       8 |       4 |  33.3
        D:3 |     211 |      35 |  14.2 |      30 |       1 |   3.2
        D:4 |     186 |       0 |   0.0 |      11 |       0 |   0.0
        D:5 |     391 |       0 |   0.0 |       8 |       0 |   0.0
            +---------+---------+-------+---------+---------+-------
